 Dungeon Crawl Stone Soup version 0.29.1-2-gbd0b4ee654 (webtiles) character file.

Game seed: 13422344027632018195

8297 Avanven the Brawler (level 11, -2/101 HPs)
             Began as a Troll Gladiator on Nov 4, 2022.
             Was an Initiate of Gozag.
             Slain by a water moccasin (4 damage)
             ... on level 7 of the Dungeon.
             The game lasted 00:31:13 (7271 turns).

Avanven the Brawler (Troll Gladiator)               Turns: 7271, Time: 00:31:16

Health: -2/101     AC:  6    Str: 32    XL:     11   Next: 8%
Magic:  0/10       EV: 10    Int:  1    God:    Gozag
Gold:   556        SH:  0    Dex: 10    Spells: 10/10 levels left

rFire   . . .      SeeInvis .     - Unarmed
rCold   + . .      Faith    .   (no shield)
rNeg    . . .      Spirit   +   a - +0 robe
rPois   .          Reflect  .   b - +1 hat
rElec   .          Harm     .   f - +0 cloak
rCorr   .          Rampage  .   (gloves unavailable)
Will    .....                   (boots unavailable)
Stlth   +.........              t - amulet of guardian spirit
HPRegen 1.06/turn               p - ring of protection from cold
MPRegen 0.12/turn               (no ring)

@: gold aura, studying Dodging
A: large, unfitting armour, claws 3, regeneration 1, shaggy fur 1, tough skin 1,
dopey 1, robust 1, strong 1, wild magic 1
a: Renounce Religion, Potion Petition, Call Merchant, Bribe Branch


You were on level 7 of the Dungeon.
You worshipped Gozag.
Gozag was pleased with you.
You visited 2 branches of the dungeon, and saw 8 of its levels.

You collected 712 gold pieces.
You paid 156 gold pieces to Gozag.

Inventory:

Missiles
 c - 3 throwing nets (quivered)
Armour
 a - a +0 robe (worn)
 b - a +1 hat (worn)
 f - a +0 cloak (worn)
Jewellery
 p - a ring of protection from cold (left claw)
 t - an amulet of guardian spirit (around neck)
Wands
 n - a wand of flame (7)
Scrolls
 g - a scroll of identify
 k - 7 scrolls of teleportation
 l - 2 scrolls of magic mapping
Potions
 e - 3 potions of attraction
 i - 4 potions of ambrosia
 m - a potion of brilliance
 r - 2 potions of cancellation
 w - 3 potions of curing
 A - a potion of flight
Miscellaneous
 h - a piece from Xom's chessboard (12/15)


   Skills:
 - Level 1.5 Fighting
 - Level 1.7 Throwing
 + Level 4.3 Dodging
 + Level 17.5 Unarmed Combat


You had 10 spell levels left.
You didn't know any spells.
Your spell library contained the following spells:

 Spells                   Type           Power      Damage    Failure   Level
 Apportation              Tloc           0%         N/A       65%         1
 Shock                    Conj/Air       0%         1d3       65%         1
 Blink                    Tloc           0%         N/A       78%         2
 Sublimation of Blood     Necr           0%         N/A       78%         2
 Wereblood                Tmut           0%         N/A       78%         2
 Gell's Gravitas          Tloc           0%         N/A       95%         3
 Lesser Beckoning         Tloc           0%         N/A       95%         3
 Swiftness                Air            0%         N/A       95%         3
 Teleport Other           Tloc           0%         N/A       95%         3
 Airstrike                Air            0%         2d(0-16)  100%        4
 Passage of Golubria      Tloc           0%         N/A       100%        4
 Alistair's Intoxication  Tmut/Pois      0%         N/A       100%        5
 Fireball                 Conj/Fire      0%         3d3       100%        5
 Iskenderun's Battlesphe  Conj           0%         2d6       100%        5
 Manifold Assault         Tloc           0%         N/A       100%        5
 Silence                  Hex/Air        0%         N/A       100%        5
 Conjure Ball Lightning   Conj/Air       0%         3x3d6     100%        6
 Orb of Destruction       Conj           0%         9d5       100%        7
 Storm Form               Tmut/Air       0%         N/A       100%        7
 Summon Hydra             Summ           0%         N/A       100%        7
 Lehudib's Crystal Spear  Conj/Erth      0%         10d2      100%        8


Dungeon Overview and Level Annotations

Branches:
Dungeon (7/15)             Temple (1/1) D:7

Altars:
Ashenzari
Cheibriados
Dithmenos
Elyvilon
Fedhas
Gozag
Hepliaklqana
Kikubaaqudgha
Makhleb
Nemelex Xobeh
Okawaru
Qazlal
Ru
Sif Muna
Uskayaw
Vehumet
Wu Jian
Xom
Yredelemnul
Zin
The Shining One

Shops:
D:3 :


Innate Abilities, Weirdness & Mutations

You are too large for most types of armour.
You have claws for hands.
Your natural rate of healing is unusually fast.
You are covered in fur. (AC +1)
You have tough skin. (AC +1)
You are dopey. (Int -2)
You are robust. (+10% HP)
Your muscles are strong. (Str +4, Int/Dex -1)
Your spells are a little harder to cast, but a little more powerful.


Message History

The ten-headed hydra closely misses you.
The ten-headed hydra bites you but does no damage.
The ten-headed hydra barely misses you. x2; The ten-headed hydra bites you. x2
The ten-headed hydra bites you!! The ten-headed hydra bites you.
You rip one of the ten-headed hydra's heads off!
The nine-headed hydra grows two more!
You mangle the 11-headed hydra!!
The 11-headed hydra is almost dead.
You tear one of the 11-headed hydra's heads off!
The ten-headed hydra grows two more!
You scratch the 12-headed hydra.
The 12-headed hydra is almost dead.
The 12-headed hydra bites you! The 12-headed hydra bites you.
The 12-headed hydra barely misses you. The 12-headed hydra bites you!
The 12-headed hydra bites you.
The 12-headed hydra barely misses you. x3
The 12-headed hydra bites you!! x2
* * * LOW HITPOINT WARNING * * *
The 12-headed hydra closely misses you.
The 12-headed hydra bites you but does no damage.
You rip one of the 12-headed hydra's heads off!
The 11-headed hydra grows two more!
You mangle the 13-headed hydra!!
You kill the 13-headed hydra!
Your piece from Xom's chessboard (12/15) has regained one charge.
Your life force feels restored.
Your Dodging skill increases to level 4!
Unknown command.
The water moccasin bites you.
* * * LOW HITPOINT WARNING * * *
You closely miss the water moccasin. The water moccasin closely misses you.
You scratch the water moccasin.
The water moccasin is lightly wounded.
The water moccasin bites you.
* * * LOW HITPOINT WARNING * * *
The centaur hits you from afar with the +10 trident of Jaorch {vorpal, Str+4}.
* * * LOW HITPOINT WARNING * * *
x2 You feel better.
The water moccasin is distracted by your dazzling golden aura.
The centaur hits you from afar with the +10 trident of Jaorch {vorpal, Str+4}!
* * * LOW HITPOINT WARNING * * *
x2 The water moccasin bites you.
You die...
Your body crumbles into a pile of gold.

...##{cW##♣♣..~≈#.#≈~..♣♣# ##
...##. #~~...~.#.~...~~# ...#
#~~~......W..~~~# ...#
#≈~~~.......~$~≈# ..##
#≈≈~~~.....~~~≈≈# ..#
#≈≈≈≈~~♣S♣~~≈≈≈≈# ..##
#♣≈≈≈~~♣c♣~~≈≈≈♣# ##
.#.#############♣S♣#############.
...#.♣.♣.#♣♣♣♣♣.@...♣♣♣♣♣#.....#.
...#♣.♣.♣♣♣.♣♣)#####.♣♣.♣♣.♣♣♣.#.
.....♣.♣...♣.♣.#...#.♣.♣...♣ ♣...
...#♣.♣.♣♣♣♣♣..##'##..♣♣♣♣.♣♣♣(#.
...#.♣.♣.# ♣♣♣.....♣♣♣ #)....#.
...####### ####### #######. ....
## ....# .####


You could see a freezing wraith, 2 water moccasins and a centaur.

Vanquished Creatures
  A hydra (D:7)
  Pikel (D:7)
  A troll (D:7)
  Grinder (D:6)
  A wraith (D:7)
  A shadow (D:7)
  2 vampires (D:7)
  A basilisk (D:7)
  2 steam dragons (D:7)
  Menkaure (D:7)
  Duvessa (D:7)
  Edmund (D:4)
  A water moccasin (D:6)
  2 sky beasts (D:7)
  3 black bears (D:6)
  2 ogres
  2 ice beasts (D:7)
  2 centaurs (D:7)
  2 lemures (D:7)
  2 bullfrogs (D:6)
  A gnoll sergeant (D:3)
  4 scorpions
  3 wights (D:7)
  Dowan (D:7)
  A killer bee (D:7)
  2 electric eels (D:7)
  A howler monkey (D:6)
  3 hounds
  2 jellies
  2 orc priests (D:7)
  2 gnoll boudas
  Natasha (twice) (D:3)
  An iguana (D:6)
  4 orc wizards
  30 gnolls
  8 adders
  3 white imps
  4 worms
  5 dart slugs
  22 orcs
  10 endoplasms
  A giant cockroach (D:2)
  12 goblins
  5 hobgoblins
  21 jackals
  4 quokkas
  8 ball pythons
  6 bats
  8 frilled lizards
  8 kobolds
  7 rats
221 creatures vanquished.

Vanquished Creatures (others)
  8 plants
8 creatures vanquished.

Grand Total: 229 creatures vanquished

Notes
Turn   | Place    | Note
-------+----------+-------------------------------------------
     0 | D:1      | Avanven the Troll Gladiator began the quest for the Orb.
     0 | D:1      | Reached XP level 1. HP: 19/19 MP: 0/0
   198 | D:1      | Reached XP level 2. HP: 27/27 MP: 1/1
   292 | D:1      | Reached skill level 4 in Unarmed Combat
   365 | D:1      | Reached XP level 3. HP: 33/33 MP: 2/2
   645 | D:1      | Found a faded altar of an unknown god.
  1132 | D:2      | Found a basalt altar of Yredelemnul.
  1194 | D:2      | Reached skill level 5 in Unarmed Combat
  1194 | D:2      | Reached XP level 4. HP: 40/41 MP: 3/3
  1730 | D:3      | Found Asoopume's Book Boutique.
  1764 | D:3      | Found a sacrificial altar of Ru.
  1774 | D:3      | Reached XP level 5. HP: 48/48 MP: 4/4
  1835 | D:3      | Noticed Natasha
  1840 | D:3      | Killed Natasha
  1841 | D:3      | Reached skill level 6 in Unarmed Combat
  2066 | D:3      | Noticed Natasha
  2397 | D:3      | Reached XP level 6. HP: 27/55 MP: 5/5
  2467 | D:3      | Reached skill level 7 in Unarmed Combat
  2660 | D:3      | Reached skill level 8 in Unarmed Combat
  2662 | D:3      | Reached XP level 7. HP: 55/62 MP: 6/6
  2906 | D:3      | Killed Natasha
  2984 | D:4      | Noticed Edmund
  2990 | D:4      | Killed Edmund
  3459 | D:4      | Reached skill level 9 in Unarmed Combat
  3666 | D:5      | Entered Level 5 of the Dungeon
  3846 | D:5      | Found a radiant altar of Vehumet.
  4090 | D:5      | Reached XP level 8. HP: 70/70 MP: 7/7
  4101 | D:5      | Reached skill level 10 in Unarmed Combat
  4208 | D:5      | Found a white marble altar of Elyvilon.
  4211 | D:5      | Found a hazy altar of Hepliaklqana.
  4751 | D:6      | Reached skill level 11 in Unarmed Combat
  5007 | D:6      | Noticed Grinder
  5009 | D:6      | Paralysed by Grinder for 2 turns
  5020 | D:6      | Killed Grinder
  5097 | D:6      | Found a sparkling altar of Nemelex Xobeh.
  5306 | D:6      | Reached skill level 12 in Unarmed Combat
  5427 | D:7      | Noticed Menkaure
  5430 | D:7      | Killed Menkaure
  5431 | D:7      | Reached XP level 9. HP: 76/76 MP: 8/8
  5479 | D:7      | Gained mutation: Your magical capacity is low. (-10% MP)
                  | [potion of mutation]
  5480 | D:7      | Lost mutation: Your magical capacity is low. (-10% MP)
                  | [potion of mutation]
  5480 | D:7      | Gained mutation: Your muscles are strong. (Str +4, Int/Dex
                  | -1) [potion of mutation]
  5480 | D:7      | Gained mutation: You are dopey. (Int -2) [potion of
                  | mutation]
  5480 | D:7      | Gained mutation: You are robust. (+10% HP) [potion of
                  | mutation]
  5480 | D:7      | Gained mutation: Your spells are a little harder to cast,
                  | but a little more powerful. [potion of mutation]
  5497 | D:7      | Noticed Pikel
  5510 | D:7      | Killed Pikel
  5511 | D:7      | Reached skill level 13 in Unarmed Combat
  5548 | D:7      | Found a staircase to the Ecumenical Temple.
  5554 | Temple   | Entered the Ecumenical Temple
  5619 | Temple   | Reached skill level 16 in Unarmed Combat
  5619 | Temple   | Reached XP level 10. HP: 93/93 MP: 9/9
  5681 | Temple   | Became a worshipper of Gozag Ym Sagoz the Greedy
  5821 | D:7      | Found Ycloq's Self-Improvement Boutique.
  5836 | D:7      | Reached skill level 17 in Unarmed Combat
  6015 | D:7      | Noticed an eight-headed hydra
  6919 | D:7      | Noticed Duvessa
  6919 | D:7      | Noticed Dowan
  6920 | D:7      | Found an iron altar of Okawaru.
  6926 | D:7      | Killed Dowan
  6929 | D:7      | Found a burning altar of Makhleb.
  6935 | D:7      | Killed Duvessa
  7005 | D:7      | Found a snail-covered altar of Cheibriados.
  7007 | D:7      | Found a glowing silver altar of Zin.
  7009 | D:7      | Found a blossoming altar of Fedhas.
  7013 | D:7      | Found a shimmering blue altar of Sif Muna.
  7017 | D:7      | Found a hide-covered altar of Uskayaw.
  7166 | D:7      | Identified the +10 trident of Jaorch {vorpal, Str+4}
  7259 | D:7      | Reached XP level 11. HP: 99/100 MP: 10/10
  7267 | D:7      | Killed a 13-headed hydra
  7270 | D:7      | HP: 5/101 [centaur/the +10 trident of Jaorch {vorpal,
                  | Str+4} (1)]
  7271 | D:7      | HP: 2/101 [centaur/the +10 trident of Jaorch {vorpal,
                  | Str+4} (1)]
  7271 | D:7      | Slain by a water moccasin

Illustrated notes

Levels and vault maps discovered:
D:1:      nzn_arrival_settlement, layout_loops_ring,
          shapermc_ecumenical_altar_hornbeckon, moated_statue, minmay_circled_x
D:2:      layout_basic, basic_altar, cheibrodos_gnoll_hut
D:3:      lemuel_castle_with_subvaults [lemuel_castle_interior_carwin_3],
          layout_basic, mainiacjoe_overflow_surrounded_room, serial_shops, shop,
          solitary_fountain, minmay_diced_spiral, uniq_natasha
D:4:      layout_gridville, uniq_edmund
D:5:      layout_basic, mainiacjoe_overflow_boulevard, nicolae_overflow_squiral
D:6:      layout_basic, lemuel_round_altar, dk_noncrumbling_2, uniq_grinder
D:7:      nzn_winding_woodlands_large [nzn_winding_woodlands_5x5_checkerboard,
          nzn_winding_woodlands_5x15_cabin, nzn_winding_woodlands_5x5_perimeter,
          nzn_winding_woodlands_center_pierced_h,
          nzn_winding_woodlands_15x15_eel_pit,
          nzn_winding_woodlands_center_triple_pond,
          nzn_winding_woodlands_5x5_closed_star,
          nzn_winding_woodlands_5x15_default, nzn_winding_woodlands_hourglass],
          layout_cave_pods, nicolae_overflow_hallway_of_the_gods,
          minmay_temple_entry_hall, nicolae_shop_self_help, uniq_duvessa,
          uniq_menkaure, uniq_pikel
Temple:   nicolae_temple_cloud_nine

Skill      XL: |  1  2  3  4  5  6  7  8  9 10 11 |
---------------+----------------------------------+-----
Unarmed Combat | 4 5 6 8 9 12 16 17 | 17.5
Dodging        | 3 4 |  4.3
Fighting       | |  1.5
Throwing       | |  1.7

Action                   |  1- 3 |  4- 6 |  7- 9 | 10-12 || total
-------------------------+-------+-------+-------+-------++-------
Melee: Unarmed           |   115 |   221 |   175 |    88 ||   599
       Punch             |     1 |    10 |    12 |     7 ||    30
Throw: Throwing net      |       |     2 |       |     1 ||     3
       Large rock        |       |       |       |     1 ||     1
Evoke: Wand              |       |       |       |     3 ||     3
       Piece from Xom's  |       |       |       |     4 ||     4
  Use: Scroll            |     4 |    10 |     9 |     1 ||    24
       Potion            |       |       |     3 |     2 ||     5
 Stab: Held in net/web   |       |     1 |       |       ||     1
       Sleeping          |       |       |     2 |       ||     2
Armor: Robe              |    39 |    66 |    62 |    26 ||   193
Dodge: Dodged            |    46 |   130 |    77 |    43 ||   296
